 Dungeon Crawl Stone Soup version 0.21.1-1-g345015f (webtiles) character file.

537 Captinkiss the Firebug (level 7, -4/57 HPs)
             Began as a Yellow Draconian Fire Elementalist on Apr 8, 2018.
             Was an Initiate of Sif Muna.
             Slain by an orc
             ... wielding a +0 club
              (7 damage)
             ... on level 5 of the Dungeon.
             The game lasted 00:05:34 (5068 turns).

Captinkiss the Firebug (DrFE)                       Turns: 5068, Time: 00:05:34

Health: -4/57      AC:  6    Str: 11    XL:     7   Next: 5%
Magic:  12/12      EV: 13    Int: 17    God:    Sif Muna [......]
Gold:   248        SH:  0    Dex: 11    Spells: 5/13 levels left

rFire    . . .     SeeInvis .   q - +4 quarterstaff (chaos)
rCold    . . .     Gourm    .   (shield currently unavailable)
rNeg     . . .     Faith    .   (armour unavailable)
rPois    .         Spirit   .   (helmet restricted)
rElec    .         Reflect  .   f - scarf {repulsion}
rCorr    +         Harm     .   (no gloves)
MR       .....                  (no boots)
Stlth    ++........             (no amulet)
HPRegen  0.19/turn              (no ring)
MPRegen  0.13/turn              (no ring)

@: repel missiles
A: spit acid, acid resistance, unfitting armour, cold-blooded, AC +6
a: Breathe Acid, Renounce Religion


You were on level 5 of the Dungeon.
You worshipped Sif Muna.
Sif Muna was noncommittal.
You were hungry.

You visited 1 branch of the dungeon, and saw 5 of its levels.

You collected 248 gold pieces.

Inventory:

Hand Weapons
 m - a +0 whip
 q - a +4 quarterstaff of chaos (weapon)
Armour
 f - a scarf of repulsion (worn)
 p - a +2 cloak
Wands
 k - a wand of paralysis (5)
Scrolls
 c - 4 scrolls of remove curse {unknown}
 d - 3 scrolls of teleportation {unknown}
 e - 8 scrolls of identify {unknown}
 g - 2 scrolls of random uselessness {unknown}
 h - a scroll of enchant armour {unknown}
 i - a scroll of fear {unknown}
 n - a scroll of amnesia {unknown}
Potions
 b - 2 potions of curing {unknown}
 j - 3 potions of flight {unknown}
 l - a potion of agility {unknown}
 o - a potion of heal wounds {unknown}
 s - 2 potions of haste {unknown}
 t - 2 potions of invisibility {unknown}
Books
 a - a book of Flames

   Spells                             Type                      Level
   a - Flame Tongue                   Conjuration/Fire             1
   b - Throw Flame                    Conjuration/Fire             2
   c - Conjure Flame                  Conjuration/Fire             3
   d - Inner Flame                    Hexes/Fire                   3
   e - Sticky Flame                   Conjuration/Fire             4
   f - Fireball                       Conjuration/Fire             5
Comestibles
 r - 5 rations


   Skills:
 + Level 3.3 Fighting
 + Level 3.4 Dodging
 - Level 1.7 Stealth
 + Level 3.5 Spellcasting
 + Level 3.3 Conjurations
 + Level 4.5 Fire Magic


You had 5 spell levels left.
You knew the following spells:

 Your Spells              Type           Power        Failure   Level  Hunger
a - Flame Tongue          Conj/Fire      ###..        3%          1    None
b - Conjure Flame         Conj/Fire      ###.....     10%         3    ###....
c - Sticky Flame          Conj/Fire      ###.....     32%         4    ####...


Dungeon Overview and Level Annotations

Branches:
Dungeon (5/15)
 Temple: D:4-7

Altars:
Fedhas
Hepliaklqana
Ru
Sif Muna
Xom
The Shining One


Innate Abilities, Weirdness & Mutations

You can spit globs of acid.
You are resistant to acid.
Your golden yellow scales are hard. (AC +6)
You cannot fit into any form of body armour.
You are cold-blooded and may be slowed by cold attacks.


Message History

The orc priest looks braver for a moment.
The orc barely misses you. The orc hits you with a club!
The orc priest closely misses you. The orc barely misses you.
The orc hits you but does no damage.
The orc priest calls down the wrath of Beogh upon you.
Pain shoots through your body! The orc hits you with a club.
The orc hits you with a club.
* * * LOW HITPOINT WARNING * * *
The orc priest barely misses you. The orc hits you with a club.
* * * LOW HITPOINT WARNING * * *
The orc barely misses you. The orc priest hits you with a flail.
* * * LOW HITPOINT WARNING * * *
The orc misses you. The orc hits you but does no damage.
The orc priest hits you with a flail!
* * * LOW HITPOINT WARNING * * *
The orc hits you with a club!
You die...

#.. #.. # #.# #.# .#
#. #.# #.+ ..# #. #>#
##.### ##..#
##.###.####....# ...#
#...##.........#+#...#
.......#####......"..#
#......# #####..#.###
#......# #@o....#
#......# #oo###.#
#..<..## #..# .[....#
#..# ....### #...
.##.# #.##. # #.# #[#
. #.# ..# # #.#


You could see an orc priest and 2 orcs.

Vanquished Creatures
  Blork the orc (D:4)
  A bullfrog (D:2)
  Crazy Yiuf (D:3)
  2 hounds (D:4)
  An orc priest (D:4)
  An iguana (D:4)
  2 worker ants (D:4)
  Natasha (D:2)
  An orc wizard (D:3)
  A gnoll (D:2)
  5 adders
  An ooze (D:3)
  2 adder skeletons (D:4)
  3 worms
  5 dart slugs
  4 leopard geckos
  9 orcs
  8 bats
  A giant cockroach (D:3)
  5 goblins
  9 hobgoblins
  A quokka (D:3)
  2 ball pythons
  7 frilled lizards
  5 kobolds
  3 rats
82 creatures vanquished.

Notes
Turn   | Place    | Note
-------+----------+-------------------------------------------
     0 | D:1      | Captinkiss the Draconian Fire Elementalist began the quest for the Orb.
     0 | D:1      | Reached XP level 1. HP: 14/14 MP: 3/3
   422 | D:1      | Reached XP level 2. HP: 22/22 MP: 3/5
  1054 | D:2      | Reached skill level 1 in Fighting
  1250 | D:2      | Found a blossoming altar of Fedhas.
  1475 | D:2      | Reached XP level 3. HP: 28/28 MP: 4/6
  1582 | D:2      | Found a shimmering altar of Xom.
  2017 | D:3      | Noticed Natasha
  2029 | D:2      | Killed Natasha
  2029 | D:2      | Reached XP level 4. HP: 14/35 MP: 0/7
  2336 | D:3      | Noticed a bullfrog
  2352 | D:2      | Killed a bullfrog
  2352 | D:2      | Reached XP level 5. HP: 19/41 MP: 0/9
  2604 | D:3      | Found a hazy altar of Hepliaklqana.
  3176 | D:3      | Found a runed door.
  3268 | D:3      | Found a deep blue altar of Sif Muna.
  3268 | D:3      | Found a glowing golden altar of the Shining One.
  3269 | D:3      | Found a sacrificial altar of Ru.
  3409 | D:3      | Became a worshipper of Sif Muna the Loreminder
  3486 | D:3      | Learned a level 3 spell: Conjure Flame
  3491 | D:3      | Learned a level 4 spell: Sticky Flame
  3491 | D:3      | Noticed Crazy Yiuf
  3506 | D:3      | Killed Crazy Yiuf
  3506 | D:3      | Reached skill level 4 in Fire Magic
  3796 | D:3      | Reached XP level 6. HP: 38/50 MP: 4/10
  5023 | D:4      | Noticed Blork the orc
  5031 | D:4      | Killed Blork the orc
  5031 | D:4      | Your scales start taking on a golden yellow colour.
  5031 | D:4      | Reached XP level 7. HP: 33/57 MP: 8/12
  5037 | D:5      | Entered Level 5 of the Dungeon
  5068 | D:5      | Slain by an orc

Skill      XL: |  1  2  3  4  5  6 |
---------------+-------------------+-----
Dodging        | 2 3 |  3.4
Fighting       | 1 2 3 |  3.3
Conjurations   | 2 3 |  3.3
Spellcasting   | 3 |  3.5
Fire Magic     | 4 |  4.5
Stealth        | |  1.7

Action                   |  1- 3 |  4- 6 |  7- 9 || total
-------------------------+-------+-------+-------++-------
Melee: Unarmed           |    45 |       |       ||    45
       Tailslap          |     6 |     6 |       ||    12
       Whip              |     1 |    28 |       ||    29
       Quarterstaff      |       |    52 |       ||    52
 Cast: Flame Tongue      |    56 |    91 |     1 ||   148
Evoke: Wand              |     2 |     3 |       ||     5
 Stab: Sleeping          |     1 |       |       ||     1
       Paralysed         |     3 |     1 |       ||     4
  Eat: Chunk             |     2 |     8 |       ||    10
       Ration            |     1 |       |       ||     1
Armor: Skin              |    25 |    56 |     7 ||    88
Dodge: Dodged            |    45 |   143 |    12 ||   200
       Deflected         |     2 |     3 |       ||     5
